 Dungeon Crawl Stone Soup version 0.24-a0-789-g35933f4585 (webtiles) character file.

Game seed: 7365945515030623215, levelgen mode: deterministic

2512 Johnny the Digger (level 9, -3/73 HPs)
             Began as a Demigod Earth Elementalist on Oct 10, 2019.
             Slain by an orc warrior
             ... wielding a +0 dire flail
              (6 damage)
             ... on level 7 of the Dungeon.
             The game lasted 00:08:00 (7309 turns).

Johnny the Digger (Demigod Earth Elementalist)      Turns: 7309, Time: 00:08:00

Health: -3/73      AC:  9    Str: 11    XL:     9   Next: 8%
Magic:  1/20       EV: 13    Int: 25    God:
Gold:   262        SH:  0    Dex: 16    Spells: 2/17 levels left

rFire    . . .     SeeInvis +   h - +1 flail (drain)
rCold    + . .     Gourm    .   (no shield)
rNeg     . . .     Faith    .   j - +2 ring mail of the Cuttlefish {rPois rC+ SInv Stlth+}
rPois    +         Spirit   .   q - +0 helmet
rElec    .         Reflect  .   (no cloak)
rCorr    .         Harm     .   (no gloves)
MR       .....                  b - +0 pair of boots
Stlth    ++........             (no amulet)
HPRegen  0.22/turn              r - ring of poison resistance
MPRegen  0.17/turn              (no ring)

@: very slightly contaminated
A: high mp 1
a: no special abilities


You were on level 7 of the Dungeon.
You were not hungry.

You visited 1 branch of the dungeon, and saw 7 of its levels.

You collected 262 gold pieces.

Inventory:

Hand Weapons
 f - a +0 short sword
 h - a +1 flail of draining (weapon)
 o - a +0 dagger of speed
Armour
 b - a +0 pair of boots (worn)
 c - a +0 robe
 j - the +2 ring mail of the Cuttlefish (worn) {rPois rC+ SInv Stlth+}
   (You found it on level 6 of the Dungeon)

   It protects you from cold.
   It protects you from poison.
   It lets you see invisible.
   It makes you more stealthy.
 q - a +0 helmet (worn)
Jewellery
 r - a ring of poison resistance (left hand)
 t - a cursed ring of teleportation {unknown}
Scrolls
 a - a scroll of teleportation
 e - 2 scrolls of remove curse
 g - 2 scrolls of magic mapping
 k - a scroll of enchant weapon {unknown}
 l - a scroll of fog {unknown}
 m - a scroll of fear
 n - 2 scrolls of amnesia {unknown}
 s - a scroll of identify
Potions
 i - a potion of brilliance
 p - a potion of lignification {unknown}
Comestibles
 d - 15 rations


   Skills:
 + Level 4.9 Fighting
 + Level 5.4 Dodging
 - Level 1.7 Stealth
 + Level 4.9 Spellcasting
 - Level 0.8 Transmutations
 * Level 7.8 Earth Magic


You had 2 spell levels left.
You knew the following spells:

 Your Spells              Type           Power        Failure   Level  Hunger
a - Sandblast             Erth           #####.       1%          1    None
b - Stone Arrow           Conj/Erth      ####..       12%         3    ##.....
c - Lee's Rapid Deconstr  Erth           #####.....   22%         5    #####..
d - Petrify               Tmut/Erth      ####....     32%         4    ####...
e - Blink                 Tloc           N/A          30%         2    None

Your spell library contained the following spells:

 Spells                   Type           Power        Failure   Level  Hunger
 Passwall                 Tmut/Erth      ####....     4%          2    None
 Magic Dart               Conj           #...         21%         1    None
 Call Imp                 Summ           #.......     30%         2    None
 Slow                     Hex            #.......     30%         2    None
 Conjure Flame            Conj/Fire      #.......     52%         3    ##.....
 Mephitic Cloud           Conj/Pois/Air  #.......     52%         3    ##.....


Dungeon Overview and Level Annotations

Branches:
Dungeon (7/15)             Temple (0/1) D:4

Annotations:
D:5 Dowan, Duvessa


Innate Abilities, Weirdness & Mutations

You have an increased reservoir of magic. (+10% MP)


Message History

The orc warrior is heavily wounded.
The orc warrior hits you with a +0 dire flail!
The orc warrior hits you with a +0 dire flail!!
* * * LOW HITPOINT WARNING * * *
You hit the orc warrior. You drain the orc warrior.
The orc warrior is severely wounded.
The orc warrior misses you.
You hit the orc warrior but do no damage.
The orc warrior is severely wounded.
The orc warrior hits you with a +0 dire flail.
* * * LOW HITPOINT WARNING * * *
You barely miss the orc warrior.
The orc warrior is severely wounded.
The orc warrior barely misses you.
You hit the orc warrior.
The orc warrior is almost dead.
The orc warrior hits you with a +0 dire flail!
* * * LOW HITPOINT WARNING * * *
The orc warrior hits you with a +0 dire flail.
You die...

#.# #.#.....##....#.#......
#.# #.#.....###..####......
#.# #.#.....###.## ###..##
#.# #.........#.#####......
#.# ####...##.#............
#.# #...##.####.########
#.# #...##'####.######..
#.#########.....##......#.#
#.#.....oo@.....####....#.#
#.#...).######..........'.#
#.#######..# #..####....###
#.......#.## #..........+..
#######.#..# #######....###
#.#)## ###### #...# #####


You could see an orc warrior and an orc priest.

Vanquished Creatures
  Pikel (D:5)
  2 hippogriffs (D:7)
  A spriggan (D:7)
  A hungry ghost (D:7)
  A sky beast (D:7)
  An ice beast (D:7)
  4 slaves (D:5)
  3 ogres
  2 bullfrogs
  2 scorpions
  A howler monkey (D:5)
  A crimson imp (D:7)
  A hound (D:7)
  A jelly (D:7)
  Jessica (D:3)
  10 orc wizards (D:7)
  2 worker ants
  Robin (D:3)
  5 gnolls
  9 adders
  4 oozes (D:1)
  2 adder skeletons
  4 worms
  3 leopard geckos
  9 orcs
  3 bats
  6 giant cockroaches
  8 hobgoblins
  12 jackals
  4 quokkas
  3 frilled lizards
  10 goblins
  12 kobolds
  A quokka skeleton (D:7)
  12 rats
143 creatures vanquished.

Notes
Turn   | Place    | Note
-------+----------+-------------------------------------------
     0 | D:1      | Johnny the Demigod Earth Elementalist began the quest for
                  | the Orb.
     0 | D:1      | Reached XP level 1. HP: 14/14 MP: 5/5
   304 | D:1      | Reached skill level 3 in Earth Magic
   304 | D:1      | Reached XP level 2. HP: 22/22 MP: 4/7
   876 | D:1      | Reached XP level 3. HP: 18/27 MP: 8/8
  1042 | D:1      | Reached skill level 1 in Fighting
  1413 | D:2      | Reached XP level 4. HP: 24/35 MP: 7/10
  2180 | D:3      | Reached skill level 4 in Earth Magic
  2180 | D:3      | Reached XP level 5. HP: 22/41 MP: 4/11
  2298 | D:3      | Found a faded altar of an unknown god.
  2783 | D:3      | Noticed Robin
  2792 | D:3      | Killed Robin
  2945 | D:3      | Noticed Jessica
  2955 | D:3      | Killed Jessica
  3196 | D:3      | Found a faded altar of an unknown god.
  3196 | D:3      | Found a snail-covered altar of Cheibriados.
  3201 | D:3      | Found a faded altar of an unknown god.
  3213 | D:3      | Reached XP level 6. HP: 37/48 MP: 13/13
  3214 | D:3      | Found a stormy altar of Qazlal.
  3215 | D:3      | Found an ancient bone altar of Kikubaaqudgha.
  3438 | D:4      | Found a sparkling altar of Nemelex Xobeh.
  3562 | D:4      | Found a staircase to the Ecumenical Temple.
  3893 | D:4      | Found a sacrificial altar of Ru.
  3893 | D:4      | Found a shimmering altar of Xom.
  3895 | D:4      | Found a basalt altar of Yredelemnul.
  3895 | D:4      | Found a hazy altar of Hepliaklqana.
  3895 | D:4      | Found a bloodstained altar of Trog.
  3935 | D:5      | Entered Level 5 of the Dungeon
  3938 | D:5      | Reached skill level 5 in Earth Magic
  3958 | D:5      | Noticed Pikel
  4082 | D:5      | HP: 2/50 [Pikel/+1 whip of freezing (2)]
  4083 | D:5      | Killed Pikel
  4083 | D:5      | Reached skill level 6 in Earth Magic
  4083 | D:5      | Reached XP level 7. HP: 3/57 MP: 1/15
  4467 | D:5      | Noticed Duvessa
  4467 | D:5      | Noticed Dowan
  5078 | D:6      | Found an ornate altar of the Wu Jian Council.
  5383 | D:6      | Got a jewelled ring mail
  5411 | D:6      | Found a sparkling altar of Nemelex Xobeh.
  5422 | D:6      | Identified the +2 ring mail of the Cuttlefish {rPois rC+
                  | SInv Stlth+} (You found it on level 6 of the Dungeon)
  6045 | D:7      | Noticed a hippogriff
  6063 | D:7      | Reached XP level 8. HP: 61/66 MP: 15/17
  6074 | D:7      | Killed a hippogriff
  6233 | D:7      | Reached skill level 7 in Earth Magic
  6275 | D:7      | Learned a level 3 spell: Stone Arrow
  6281 | D:7      | Learned a level 5 spell: Lee's Rapid Deconstruction
  6286 | D:7      | Learned a level 4 spell: Petrify
  6289 | D:7      | Learned a level 2 spell: Blink
  6467 | D:7      | Reached skill level 5 in Dodging
  7008 | D:7      | Noticed a hippogriff
  7018 | D:7      | Killed a hippogriff
  7018 | D:7      | Reached XP level 9. HP: 69/73 MP: 6/19
  7309 | D:7      | HP: 3/73 [orc warrior/+0 dire flail (16)]
  7309 | D:7      | Slain by an orc warrior

Levels and vault maps discovered:
D:1:      erik_arrival_gehennom, layout_loops_ring
D:2:      minmay_evil_eye, layout_basic
D:3:      layout_rooms, chequers_temple_overflow_minitemple,
          chequers_ecumenical_altar_grove, serial_bayou_lake_a, uniq_jessica,
          uniq_robin
D:4:      layout_rooms, doesnt_xom_only_xom, minmay_temple_entry_offerings
D:5:      layout_basic, serial_shops, nicolae_shop_stone, first_ration,
          kennysheep_generic_room_11, uniq_duvessa, uniq_pikel,
          uniq_crazy_yiuf_cottage
D:6:      layout_layer_cave, overflow_temple_1_default,
          nicolae_overflow_crystal_walls
D:7:      minmay_flawed_box, layout_basic, the_bakery

Skill      XL: |  1  2  3  4  5  6  7  8 |
---------------+-------------------------+-----
Dodging        | 2 3 4 5 |  5.4
Earth Magic    | 3 4 6 7 |  7.8
Spellcasting   | 2 3 4 |  4.9
Fighting       | 1 2 3 4 |  4.9
Stealth        | |  1.7
Transmutations | |  0.8

Action                   |  1- 3 |  4- 6 |  7- 9 || total
-------------------------+-------+-------+-------++-------
Melee: Unarmed           |    18 |       |       ||    18
       Short sword       |    66 |    43 |       ||   109
       Dagger            |       |   150 |       ||   150
       Flail             |       |    44 |   136 ||   180
Throw: Stone             |       |     3 |       ||     3
 Cast: Sandblast         |    33 |    68 |    34 ||   135
       Stone Arrow       |       |       |    22 ||    22
  Use: Scroll            |     1 |       |     7 ||     8
       Potion            |       |     2 |       ||     2
 Stab: Sleeping          |     6 |     7 |     6 ||    19
  Eat: Chunk             |     2 |     8 |    11 ||    21
       Ration            |       |       |     1 ||     1
Armor: Robe              |    11 |    45 |     2 ||    58
       Ring mail         |       |       |    79 ||    79
Dodge: Dodged            |    61 |   212 |   140 ||   413

Table legend:
 A = Non-vault XP
 B = Vault XP
 C = Vault XP percentage of total XP
 D = Non-vault monster count
 E = Vault monster count
 F = Vault count percentage of total count
                 A         B        C        D         E       F
            +---------+---------+-------+---------+---------+-------
      Total |    2233 |    1356 |  37.8 |     110 |      29 |  20.9
            +---------+---------+-------+---------+---------+-------
        D:1 |      48 |      17 |  26.2 |      16 |       5 |  23.8
        D:2 |      88 |       4 |   4.3 |      30 |       2 |   6.2
        D:3 |     232 |      66 |  22.1 |      20 |       9 |  31.0
        D:4 |     213 |       0 |   0.0 |      15 |       0 |   0.0
        D:5 |     103 |     665 |  86.6 |       4 |       2 |  33.3
        D:6 |     214 |       0 |   0.0 |       8 |       0 |   0.0
        D:7 |    1335 |     604 |  31.2 |      17 |      11 |  39.3
            +---------+---------+-------+---------+---------+-------
